 Dungeon Crawl Stone Soup version 0.31-a0-632-g766dd24fdf (webtiles) character file.

Game seed: 9082122383051115999

508 ytrimaz the Changeling (level 6, -7/54 HPs)
             Began as a Troll Shapeshifter on Aug 25, 2023.
             Mangled by a gnoll sergeant
             ... wielding a +0 spear
              (13 damage)
             ... on level 5 of the Dungeon.
             The game lasted 00:02:46 (2920 turns).

ytrimaz the Changeling (Troll Shapeshifter)         Turns: 2920, Time: 00:02:47

Health: -7/54      AC:  4    Str: 24    XL:     6   Next: 98%
Magic:  5/5        EV: 10    Int:  4    God:
Gold:   261        SH:  0    Dex: 12    Spells: 5/5 levels left

rFire   . .          .
                       - Unarmed
rCold   . . .        (no shield)
rNeg    . . .        a - +0 animal skin
rPois   .            (helmet currently unavailable)
rElec   .            (cloak currently unavailable)
rCorr   .            (gloves unavailable)
SInv    .            (boots unavailable)
Will    .....        (no amulet)
Stlth   +            l - +4 ring of slaying
HPRegen 1.09/turn    (no ring)
MPRegen 0.09/turn

%: no passive effects
@: beast-form
A: beast (slay +3), large, unfitting armour, claws 3, regeneration 1, shaggy fur
1, tough skin 1
a: Begin Untransformation


You were on level 5 of the Dungeon.
You were a hulking beast.
You visited 1 branch of the dungeon, and saw 5 of its levels.

You collected 261 gold pieces.


Innate Abilities, Weirdness & Mutations

You are a hulking beast.
Your limbs bulge with bestial killing power. (Slay +3)
You are too large for most types of armour.
You have claws for hands.
Your natural rate of healing is unusually fast.
You are covered in fur. (AC +1)
You have tough skin. (AC +1)


   Skills:
 - Level 0.7 Fighting
 - Level 1.5 Dodging
 + Level 5.1 Unarmed Combat
 * Level 6.2 Shapeshifting


You had 5 spell levels left.
You didn't know any spells.
Your spell library contained the following spells:

 Spells                   Type           Power      Damage    Failure   Level
 Apportation              Tloc           0%         N/A       50%         1
 Necrotise                Necr           0%         1d4       50%         1
 Summon Small Mammal      Summ           0%         N/A       50%         1
 Static Discharge         Conj/Air       0%         2-2/arc   65%         2
 Wereblood                Tmut           0%         N/A       65%         2
 Airstrike                Air            0%         2d(0-16)  99%         4
 Summon Lightning Spire   Summ/Air       0%         N/A       99%         4
 Irradiate                Conj/Tmut      0%         3d11      100%        5

Inventory:

Armour
 a - a +0 animal skin (worn)
Jewellery
 h - an amulet of faith
   (You found it on level 1 of the Dungeon)
 l - a +4 ring of slaying (left claw)
   (You found it on level 2 of the Dungeon)
Talismans
 c - a beast talisman (active)
 d - a flux talisman
 u - a talisman of death
   (You found it on level 5 of the Dungeon)
Scrolls
 e - a scroll of vulnerability {unknown}
 i - 3 scrolls of identify {unknown}
 k - a scroll of teleportation {unknown}
 m - a scroll of enchant armour {unknown}
 n - a scroll of blinking {unknown}
 p - a scroll of fog {unknown}
 t - a scroll of revelation {unknown}
Potions
 b - a potion of lignification
 f - a potion of ambrosia {unknown}
 g - 2 potions of curing {unknown}
 j - a potion of haste {unknown}
 o - a potion of attraction {unknown}
 q - 2 potions of might {unknown}
 r - a potion of mutation {unknown}
 s - 2 potions of heal wounds {unknown}

Dungeon Overview and Level Annotations

Branches:
Dungeon (5/15) Zot: 26722
 Temple: D:4-7

Altars:
Cheibriados
Nemelex Xobeh
Qazlal
Sif Muna
The Shining One ..... #... #... #.. #gS

#g# #..###### #g#
#..#..... #g# ..#.....
#h# #.#####.#....# #.#
#.##......##..
#.#.#.##.#...###..
#######.#.#.##.#...#....
..........#.##.#..#.....
#######.###.##.#....##~.
#.........#.#.....####~~
#.######..#.####.## #~~
#.........# #~~


You could see a gnoll sergeant, 3 gnolls and an adder.


Message History

An ice beast is nearby!
An ice beast is nearby!
An ice beast is nearby!
Unknown command.
You enter the shallow water.
No target in view!
No target in view!
You claw the ice beast! The ice beast hits you.
The ice beast freezes you! 😕 HP[-13]
You take 13 damage, and now have 41/54 hp.
MASSIVE DAMAGE!! (PAUSE)
You mangle the ice beast!!
You kill the ice beast!
Your Unarmed Combat skill increases to level 5! 😕 HP[+1] 😕 HP[+1] No target in view! 😕 HP[+1] Unknown command.
You now have 238 gold pieces (gained 3).
You pick up a book of Storms and begin reading...
You add the spells Static Discharge, Airstrike and Summon Lightning Spire to your library. 😎 HP[+10]
Your hp is fully restored (54).
g - 2 fuming inky potions (gained 1)
You now have 250 gold pieces (gained 12).
You now have 261 gold pieces (gained 11).
Key pressed, stopping explore.
Key pressed, stopping explore.
A gnoll comes into view. It is wielding a +0 halberd.
A gnoll sergeant comes into view. It is wielding a +0 spear.
The gnoll sergeant shouts!
You hear a shout!
The gnoll throws a throwing net.
The throwing net hits you.
You become entangled in the net!
A gnoll comes into view. It is wielding a +0 halberd.
You see here a throwing net.
You struggle against the net.
You struggle against the net.
A gnoll comes into view. It is wielding a +0 club.
You struggle against the net.
Unknown command.
You struggle against the net.
Unknown command.
You shred the net and break free!
The gnoll hits you from afar with a +0 halberd!
An adder comes into view. 😮 HP[-14]
You take 14 damage, and now have 40/54 hp.
MASSIVE DAMAGE!! (PAUSE) 😕 HP[+1] 😕 HP[+1] Unknown command. 😕 HP[+1] 😕 HP[+1]
The gnoll sergeant hits you with a +0 spear.
The gnoll hits you but does no damage. 😮 HP[-5]
You take 5 damage, and now have 39/54 hp.
You closely miss the gnoll sergeant.
The gnoll sergeant completely misses you.
The gnoll barely misses you. 😮 HP[+1] Unknown command.
You barely miss the gnoll sergeant.
The gnoll shouts!
You hear an angry hiss.
The gnoll sergeant hits you with a +0 spear.
The gnoll barely misses you. 😮 HP[-2]
You take 2 damage, and now have 38/54 hp.
You are too injured to fight recklessly!
You barely miss the gnoll sergeant.
The gnoll sergeant hits you with a +0 spear!
The gnoll hits you from afar with a +0 halberd!
* * * LOW HITPOINT WARNING * * *
😨 HP[-17]
You take 17 damage, and now have 21/54 hp.
MASSIVE DAMAGE!! (PAUSE)
The adder hisses angrily.
You claw the gnoll sergeant!
The gnoll sergeant hits you but does no damage.
The gnoll hits you from afar with a +0 halberd!
* * * LOW HITPOINT WARNING * * *
😨 HP[-6]
You take 6 damage, and now have 15/54 hp.
Unknown command.
You barely miss the gnoll sergeant.
The gnoll sergeant completely misses you.
The gnoll closely misses you. 😨 HP[+1]
You scratch the gnoll sergeant.
The gnoll sergeant hits you with a +0 spear.
* * * LOW HITPOINT WARNING * * *
The gnoll hits you from afar with a +0 halberd!
* * * LOW HITPOINT WARNING * * *
😱 HP[-11]
You take 11 damage, and now have 5/54 hp.
MASSIVE DAMAGE!! (PAUSE)
You claw the gnoll sergeant!
The gnoll sergeant hits you with a +0 spear!
You die...

Skill      XL: |  1  2  3  4  5  6 |
---------------+-------------------+-----
Shapeshifting  | 4 5 6 |  6.2
Unarmed Combat | 4 5 |  5.1
Fighting       | |  0.7
Dodging        | |  1.5

Action                     |  1- 3 |  4- 6 || total
---------------------------+-------+-------++-------
  Melee: Unarmed           |    85 |    87 ||   172
         Punch             |       |     1 ||     1
   Stab: Sleeping          |     1 |       ||     1
 Armour: Animal skin       |    28 |    21 ||    49
  Dodge: Dodged            |    34 |    51 ||    85

Levels and vault maps discovered:
D:1:      ebering_hopf_link, layout_basic, serial_rivers,
          chequers_serial_rivers_room_b, chequers_serial_rivers_room_a,
          chequers_serial_rivers_micro_a, chequers_serial_rivers_micro_d
D:2:      layout_basic
D:3:      layout_loops_ring, lemuel_tele_altar,
          hellmonk_ecumenical_altar_watching_god
D:4:      layout_loops_ring, nemelex_xobeh_ov_fountains_minmay,
          grunt_qazlal_clouds, cheibriados_altar_1, minivault_24, uniq_eustachio
D:5:      layout_basic, mainiacjoe_overflow_surrounded_room,
          nicolae_gozag_seed_capital, serial_bayou, serial_bayou_shore_a,
          serial_bayou_pond_e, serial_bayou_ford_a, serial_bayou_shore_b

Notes
Turn   | Place    | Note
-------+----------+-------------------------------------------
     0 | D:1      | ytrimaz the Troll Shapeshifter began the quest for the Orb.
     0 | D:1      | Reached XP level 1. HP: 18/18 MP: 0/0
     0 | D:1      | magus.rc [v1.9.6]
   148 | D:1      | Reached XP level 2. HP: 24/26 MP: 1/1
   563 | D:1      | Reached XP level 3. HP: 22/32 MP: 2/2
   590 | D:1      | You pick up a book of Changes and begin reading...
   590 | D:1      | You add the spells Wereblood and Irradiate to your library.
  1050 | D:2      | Reached skill level 4 in Shapeshifting
  1171 | D:2      | Reached XP level 4. HP: 40/40 MP: 3/3
  1511 | D:3      | You pick up a book of Cantrips and begin reading...
  1511 | D:3      | You add the spells Necrotise, Summon Small Mammal and
                  | Apportation to your library.
  1611 | D:3      | Found a faded altar of an unknown god.
  1612 | D:3      | Noticed an eye of devastation
  1616 | D:3      | Noticed an eye of devastation
  1621 | D:3      | Noticed a golden eye
  1632 | D:3      | Noticed an eye of devastation
  1743 | D:3      | Reached skill level 4 in Unarmed Combat
  1878 | D:3      | Reached XP level 5. HP: 41/46 MP: 4/4
  1913 | D:3      | Found a shimmering blue altar of Sif Muna.
  2232 | D:4      | Found a sparkling altar of Nemelex Xobeh.
  2249 | D:4      | Found a snail-covered altar of Cheibriados.
  2347 | D:4      | Noticed Eustachio
  2356 | D:4      | Killed Eustachio
  2357 | D:4      | Reached skill level 5 in Shapeshifting
  2357 | D:4      | Reached XP level 6. HP: 49/54 MP: 5/5
  2586 | D:4      | Found a stormy altar of Qazlal.
  2641 | D:5      | Entered Level 5 of the Dungeon
  2736 | D:5      | Found a glowing golden altar of the Shining One.
  2774 | D:5      | Noticed an ice beast
  2784 | D:5      | Killed an ice beast
  2785 | D:5      | Reached skill level 6 in Shapeshifting
  2806 | D:5      | Noticed an ice beast
  2811 | D:5      | Killed an ice beast
  2812 | D:5      | Reached skill level 5 in Unarmed Combat
  2839 | D:5      | You pick up a book of Storms and begin reading...
  2839 | D:5      | You add the spells Static Discharge, Airstrike and Summon
                  | Lightning Spire to your library.
  2919 | D:5      | HP: 5/54 [gnoll/+0 halberd[a gnoll sergeant] (9)]
  2920 | D:5      | Mangled by a gnoll sergeant

Vanquished Creatures
  Eustachio (D:4)
  2 ice beasts (D:5)
  A hound (D:5)
  2 adders (D:2)
  5 gnolls
  An ufetubus (D:4)
  A worm (D:2)
  A dart slug (D:1)
  5 orcs (D:3)
  A bat (D:2)
  7 endoplasms
  2 giant cockroaches
  13 goblins
  7 hobgoblins
  7 jackals
  A quokka (D:4)
  2 ball pythons
  6 frilled lizards
  10 kobolds
  4 rats
79 creatures vanquished.

Table legend:
 A = Non-vault XP
 B = Vault XP
 C = Vault XP percentage of total XP
 D = Non-vault monster count
 E = Vault monster count
 F = Vault count percentage of total count
                 A         B        C        D         E       F
            +---------+---------+-------+---------+---------+-------
      Total |     530 |     196 |  27.0 |      78 |       1 |   1.3
            +---------+---------+-------+---------+---------+-------
        D:1 |      63 |       0 |   0.0 |      29 |       0 |   0.0
        D:2 |      59 |       0 |   0.0 |      19 |       0 |   0.0
        D:3 |      84 |       0 |   0.0 |      16 |       0 |   0.0
        D:4 |      20 |     196 |  90.7 |       8 |       1 |  11.1
        D:5 |     304 |       0 |   0.0 |       6 |       0 |   0.0
            +---------+---------+-------+---------+---------+-------

Skill      XL: |  1  2  3  4  5  6 |
---------------+-------------------+-----
Shapeshifting  | 4 5 6 |  6.2
Unarmed Combat | 4 5 |  5.1
Fighting       | |  0.7
Dodging        | |  1.5

Action                     |  1- 3 |  4- 6 || total
---------------------------+-------+-------++-------
  Melee: Unarmed           |    85 |    87 ||   172
         Punch             |       |     1 ||     1
   Stab: Sleeping          |     1 |       ||     1
 Armour: Animal skin       |    28 |    21 ||    49
  Dodge: Dodged            |    34 |    51 ||    85

Illustrated notes

Table legend:
 A = Kills in this place as a percentage of kills in the entire game.
 B = Kills by you in this place as a percentage of kills by you in the entire game.
 C = Kills by friends in this place as a percentage of kills by friends in the entire game.
 D = Other kills in this place as a percentage of other kills in the entire game.
 E = Experience gained in this place as a percentage of experience gained in the entire game.
 F = Experience gained in this place divided by the number of levels of this place that you have seen.
                   A       B       C       D       E      F
               +-------+-------+-------+-------+-------+----------------------
         Total | 100.0 | 100.0 |   N/A |   N/A | 100.0 | 145.2
       Dungeon | 100.0 | 100.0 |   N/A |   N/A | 100.0 | 145.2
               +-------+-------+-------+-------+-------+----------------------

Table legend: (Time is in decaauts)
 A = Elapsed time spent in this place.
 B = Non-inter-level travel time spent in this place.
 C = Inter-level travel time spent in this place.
 D = Time resting spent in this place.
 E = Time spent auto-exploring this place.
 F = Levels seen in this place.
 G = Mean time per level.
                   A        B        C        D        E       F      G
               +--------+--------+--------+--------+--------+-----+--------+
         Total |   2905 |   2808 |     97 |      0 |   2304 |   5 |  581.0 |
       Dungeon |   2905 |   2808 |     97 |      0 |   2304 |   5 |  581.0 |
               +--------+--------+--------+--------+--------+-----+--------+

Top non-repeatable levels by time:
     D:1: 1011 daAuts
     D:3: 625 daAuts
     D:4: 509 daAuts
     D:2: 482 daAuts
     D:5: 276 daAuts
